 Dungeon Crawl Stone Soup version 0.23-a0-182-g58cdd98 (webtiles) character file.

574 iamserjio the Ruffian (level 7, 61/64 HPs)
             Began as a Pale Draconian Wanderer on Sept 20, 2018.
             Quit the game on level 4 of the Dungeon.
             The game lasted 00:09:38 (4394 turns).

iamserjio the Ruffian (Pale Draconian Wanderer)     Turns: 4394, Time: 00:09:39

Health: 61/64      AC:  7    Str: 16    XL:     7   Next: 12%
Magic:  7/7        EV: 11    Int: 10    God:
Gold:   207        SH:  0    Dex: 13    Spells: 6/6 levels left

rFire    . . .     SeeInvis .   E - +1 trident (venom)
rCold    . . .     Gourm    .   (no shield)
rNeg     . . .     Faith    .   (armour unavailable)
rPois    .         Spirit   .   (helmet restricted)
rElec    .         Reflect  .   (no cloak)
rCorr    .         Harm     .   (no gloves)
MR       .....                  h - +0 pair of boots
Stlth    ++........             x - amulet of rage
HPRegen  0.20/turn              (no ring)
MPRegen  0.10/turn              (no ring)

@: no status effects
A: breathe steam, unfitting armour, cold-blooded, AC +6
a: Breathe Steam, Evoke Berserk Rage


You were on level 4 of the Dungeon.
You were not hungry.

You visited 1 branch of the dungeon, and saw 4 of its levels.
You also visited: Sewer.

You collected 207 gold pieces.

Inventory:

Hand Weapons
 a - a +2 spear
 b - a +0 blowgun
 d - a +0 dagger
 w - a +0 dagger of venom
 A - a +0 quarterstaff of draining
 E - a +1 trident of venom (weapon)
Missiles
 n - 3 curare-tipped needles {!f}
 o - 6 tomahawks (quivered)
 p - 17 stones
Armour
 h - a +0 pair of boots (worn)
Magical Staves
 C - an uncursed staff of summoning
Jewellery
 x - an amulet of rage (around neck)
Scrolls
 e - a scroll of enchant armour {unknown}
 i - 2 scrolls of blinking {unknown}
 j - 2 scrolls of enchant weapon {unknown}
 m - a scroll of teleportation {unknown}
 q - 4 scrolls of remove curse {@r2}
 t - a scroll of magic mapping {unknown}
 u - a scroll of amnesia {unknown}
 y - a scroll of noise {unknown}
Potions
 c - a potion of lignification
 g - a potion of mutation
 k - a potion of haste
 l - a potion of might {unknown}
 r - 4 potions of flight
 v - a potion of brilliance {unknown}
 z - a potion of agility {unknown}
 B - a potion of curing {@q1}
Comestibles
 f - 5 rations
 s - 8 chunks of flesh


   Skills:
 - Level 6.5 Fighting
 - Level 1.0 Polearms
 - Level 1.7 Stealth
   Level 1.0 Shields
 * Level 7.5 Unarmed Combat


You had 6 spell levels left.
You didn't know any spells.
Your spell library was empty.

Dungeon Overview and Level Annotations

Branches:
Dungeon (4/15)
 Temple: D:4-7

Altars:
Ashenzari
Cheibriados
Dithmenos
Elyvilon
Nemelex Xobeh
Uskayaw

Shops:
D:4 [


Innate Abilities, Weirdness & Mutations

You can breathe blasts of scalding, opaque steam.
Your pale cyan-grey scales are hard. (AC +6)
You cannot fit into any form of body armour.
You are cold-blooded and may be slowed by cold attacks.


Message History

You puncture the ogre! You tail-slap the ogre.
The ogre hits you with a giant club.
You barely miss the ogre.
Your tail-slap misses the ogre.
The ogre hits you but does no damage.
You puncture the ogre!
You kill the ogre!
You have reached level 7!
Your scales start taking on a pale cyan-grey colour.
You learn Fire Magic quicker.
You learn Air Magic quicker.
You learn Evocations quicker.
You can breathe blasts of scalding, opaque steam.
Things that are here:
a giant club; an ogre corpse You butcher the ogre corpse.
s - 8 chunks of flesh (gained 4)
Things that are here:
a giant club; an ogre skeleton Unknown command.
Okay, then.
Unknown command.

##.# #.# ##.#
#..# #..##
#...# #
##..#####.#
#..).....#
#...@....#
##..........
#...........
#..........#
#...##....###
#..### #...#
#..# #..# ..#
..#


There were no monsters in sight!

Vanquished Creatures
  An ogre (D:4)
  A big kobold (Sewer)
  3 orc wizards
  2 orc priests (D:4)
  An iguana (D:4)
  A gnoll (D:2)
  7 adders
  5 river rats
  An ooze (D:4)
  7 worms
  5 leopard geckos
  7 orcs
  3 giant cockroaches
  6 goblins
  6 hobgoblins
  8 jackals
  4 quokkas
  A ball python (D:3)
  8 bats
  3 frilled lizards
  12 kobolds
  27 rats
119 creatures vanquished.

Notes
Turn   | Place    | Note
-------+----------+-------------------------------------------
     0 | D:1      | iamserjio the Draconian Wanderer began the quest for the
                  | Orb.
     0 | D:1      | iamserjio set off with: a +2 spear, a potion of curing
                  | {@q1}, a potion of lignification, a +0 dagger, a ration
     0 | D:1      | Reached XP level 1. HP: 25/25 MP: 1/1
    92 | D:1      | Reached skill level 1 in Unarmed Combat
   181 | D:1      | Reached XP level 2. HP: 31/31 MP: 2/2
   275 | D:1      | Reached skill level 2 in Unarmed Combat
   769 | D:1      | Reached XP level 3. HP: 38/38 MP: 3/3
  1104 | D:2      | Reached skill level 3 in Unarmed Combat
  1526 | D:2      | Reached XP level 4. HP: 45/45 MP: 4/4
  1970 | D:3      | Reached skill level 4 in Unarmed Combat
  1983 | D:3      | Found a shattered altar of Ashenzari.
  1993 | D:3      | Found a hide-covered altar of Uskayaw.
  2110 | D:3      | Found a snail-covered altar of Cheibriados.
  2110 | D:3      | Found a white marble altar of Elyvilon.
  2178 | D:3      | Found a sparkling altar of Nemelex Xobeh.
  2271 | D:3      | Found a shadowy altar of Dithmenos.
  2549 | D:4      | Reached XP level 5. HP: 37/51 MP: 5/5
  2595 | D:4      | Reached skill level 5 in Unarmed Combat
  2624 | D:4      | Found a glowing drain.
  2624 | D:4      | HP: 1/51 [worm (7)]
  2692 | Sewer    | Entered a sewer
  3035 | Sewer    | Reached skill level 6 in Unarmed Combat
  3035 | Sewer    | Reached XP level 6. HP: 32/58 MP: 6/6
  3264 | Sewer    | Found a glowing silver altar of Zin.
  3559 | D:4      | Found Eckoher's Armour Shop.
  4066 | D:4      | Reached skill level 7 in Unarmed Combat
  4389 | D:4      | Your scales start taking on a pale cyan-grey colour.
  4389 | D:4      | Reached XP level 7. HP: 60/64 MP: 7/7
  4394 | D:4      | Quit the game

Vault maps used:
D:1:      kilobyte_arrival_exit_the_forest, kennysheep_boxes
D:2:      serial_glass, glass_columns_c, glass_columns_a, cheibrodos_gnoll_hut
D:3:      nicolae_overflow_hidden_temple, grunt_dithmenos_smoke_and_mirrors,
          first_ration, nemelex_xobeh_ov_fountains_minmay
D:4:      temple_doors_e, serial_shops, nicolae_shop_trees,
          lightli_sewer_entry_pipes, minmay_rat_hole
Sewer:    sewer_kobolds

Skill      XL: |  1  2  3  4  5  6 |
---------------+-------------------+-----
Unarmed Combat | 1 2 3 4 6 7 |  7.5
Fighting       | |  6.5
Polearms       | |  1.0
Stealth        | |  1.7
Shields        | |  1.0

Action                   |  1- 3 |  4- 6 |  7- 9 || total
-------------------------+-------+-------+-------++-------
Melee: Spear             |   102 |    62 |       ||   164
       Tailslap          |     8 |    30 |       ||    38
       Dagger            |       |    65 |       ||    65
       Punch             |       |     6 |       ||     6
       Quarterstaff      |       |   127 |       ||   127
       Trident           |       |    43 |       ||    43
  Use: Scroll            |       |     6 |       ||     6
       Potion            |       |     4 |       ||     4
 Stab: Sleeping          |     3 |     5 |       ||     8
  Eat: Chunk             |     2 |    10 |       ||    12
Armor: Skin              |    29 |   115 |       ||   144
Dodge: Dodged            |    48 |   210 |       ||   258

Table legend:
 A = Non-vault XP
 B = Vault XP
 C = Vault XP percentage of total XP
 D = Non-vault monster count
 E = Vault monster count
 F = Vault count percentage of total count
                 A         B        C        D         E       F
            +---------+---------+-------+---------+---------+-------
      Total |     540 |     281 |  34.2 |      72 |      47 |  39.5
            +---------+---------+-------+---------+---------+-------
        D:1 |      43 |       0 |   0.0 |      24 |       0 |   0.0
        D:2 |      41 |      18 |  30.5 |      16 |       3 |  15.8
        D:3 |     118 |       0 |   0.0 |      19 |       0 |   0.0
        D:4 |     338 |     122 |  26.5 |      13 |      32 |  71.1
      Sewer |       0 |     141 | 100.0 |       0 |      12 | 100.0
            +---------+---------+-------+---------+---------+-------
